AoeStats
← SICHOSO

Lombardia

508814290Analyzed
3v3 RM · 8d ago on Sep 24, 2026· 37m 30s· 6 players
Game mode
Random Map
Map size
Normal (6 player)
Population
200
Speed
Normal
Resources
Standard
Victory
Conquest
Starting age
Dark Age
Ending age
Imperial Age
RankedLock teamsTeams togetherTeam positionsShared explorationLock speedFull tech treeHidden civsTurbo modeCheats
Victory
Defeat
🇮🇳 Hindustanis · India
937
+19
🇨🇳 Bohemians · China
837
+22
🇱🇻 Huns · Latvia
791
+24
🇲🇽 Jurchens · Mexico
1150
-28
🇲🇽 Franks · Mexico
977
-21
🇧🇴 Danes · Bolivia
839
-16
iamlegolas312
0:29 Loom
12:01 Feudal Age
15:59 Town Watch
17:14 Gold Mining
17:10 Double-Bit Axe
17:33 Fletching
17:43 Padded Archer Armor
23:25 Horse Collar
23:53 Stone Mining
28:39 Castle Age
29:30 Bloodlines
29:41 Forging
31:24 Iron Casting
32:29 Heavy Plow
33:26 Wheelbarrow
35:20 Caravan
37:04 Bow Saw
37:31 Scale Barding Armor
c190
0:28 Loom
13:37 Feudal Age
17:16 Double-Bit Axe
17:49 Scale Barding Armor
21:25 Horse Collar
25:55 Castle Age
24:34 Bloodlines
26:11 Forging
27:15 Chain Barding Armor
28:49 Iron Casting
29:30 Marauders
29:28 Gold Mining
31:31 Gold Shaft Mining
爱你的伦伦
1:46 Loom
11:45 Feudal Age
13:53 Man-at-Arms
14:40 Horse Collar
24:29 Castle Age
28:13 Husbandry
SICHOSO
1:08 Loom
12:05 Feudal Age
19:19 Castle Age
22:25 Forging
34:03 Iron Casting
33:34 Scale Barding Armor
33:17 Double-Bit Axe
33:42 Husbandry
34:17 Husbandry
Gorozpe28
8:22 Loom
10:10 Feudal Age
10:36 Man-at-Arms
11:55 Town Watch
12:09 Horse Collar
15:22 Arson
18:00 Fletching
25:07 Castle Age
24:21 Gold Mining
24:17 Double-Bit Axe
24:15 Horse Collar
27:34 Squires
30:35 Wheelbarrow
31:26 Bodkin Arrow
Dr. Krauss
2:36 Loom
12:37 Feudal Age
14:00 Wheelbarrow
13:14 Double-Bit Axe
20:46 Forging
23:05 Castle Age
23:38 Light Cavalry
27:48 Iron Casting
27:20 Scale Barding Armor
Connection lost

Rejoining the realm…

Still unreachable

The connection could not be restored.

Session expired

The server has moved on; the page needs a fresh start.